TOP OF THE 1ST |
Staten Island Yankees batting - Pitching for Chicago (NYP) White Sox : RHP John Childress
|
Pitching: RHP John Childress
|
|
Batting: LHB Tatsuo Yasui
|
0-0: Foul Ball, location: 2F 0-1: Ball 1-1: Ball 2-1: Bunted foul 2-2: SINGLE (Groundball, 56, EV 101.9 MPH)
|
Batting: LHB Mario Hurtado
|
0-0: Ball 1-0: Ball 2-0: Fielders Choice at 2nd, 3-6 (Groundball, 13, EV 81.3 MPH)
|
Batting: RHB Andres Valles
|
0-0: Ball 1-0: Grounds into double play, 5-4-3 (Groundball, 56, EV 101.9 MPH)
|
Top of the 1st over - 0 runs, 1 hit, 0 errors, 0 left on base; Staten Island 0 - Chicago (NYP) 0 |
BOTTOM OF THE 1ST |
Chicago (NYP) White Sox batting - Pitching for Staten Island Yankees : RHP Gustav Kleber
|
Pitching: RHP Gustav Kleber
|
|
Batting: RHB Brad Boals
|
0-0: Swinging Strike 0-1: Swinging Strike 0-2: Ball 1-2: Ball 2-2: SINGLE (Groundball, 25, EV 67.5 MPH) (infield hit)
|
Batting: RHB Jeremy Hoffert
|
0-0: Ball 1-0: Swinging Strike 1-1: Swinging Strike 1-2: Strikes out looking
|
Batting: RHB Dusty Ballard
|
0-0: Ball 1-0: Called Strike 1-1: Swinging Strike 1-2: Fly out, F7 (Line Drive, 7S, EV 98.1 MPH)
|
Batting: LHB Jason Bell
|
0-0: Called Strike 0-1: Ball 1-1: Ball 2-1: Foul Ball, location: 2F 2-2: Foul Ball, location: 2F 2-2: DOUBLE (Line Drive, 78D, EV 100.0 MPH) Brad Boals to third
|
Batting: RHB Mitch Cuadros
|
0-0: Ball 1-0: Ball 2-0: Ball 3-0: Called Strike 3-1: Swinging Strike 3-2: SINGLE (Groundball, 4M, EV 95.0 MPH) Brad Boals scores Jason Bell to third Runner from 3rd tries for Home, throw by CF and OUT! 8-2
|
Bottom of the 1st over - 1 run, 3 hits, 0 errors, 1 left on base; Staten Island 0 - Chicago (NYP) 1 |
TOP OF THE 2ND |
Staten Island Yankees batting - Pitching for Chicago (NYP) White Sox : RHP John Childress
|
Batting: LHB Roald Jacobs
|
0-0: Ground out 6-3 (Groundball, 6, EV 96.3 MPH)
|
Batting: RHB Steve Martin
|
0-0: Ball 1-0: Ball 2-0: Ball 3-0: Called Strike 3-1: Called Strike 3-2: Fly out, F8 (Flyball, 89D, EV 89.4 MPH)
|
Batting: LHB Claudio Kamminga
|
0-0: Called Strike 0-1: Ball 1-1: Ball 2-1: Ball 3-1: Ground out 1-3 (Groundball, 13S, EV 66.3 MPH)
|
Top of the 2nd over - 0 runs, 0 hits, 0 errors, 0 left on base; Staten Island 0 - Chicago (NYP) 1 |
BOTTOM OF THE 2ND |
Chicago (NYP) White Sox batting - Pitching for Staten Island Yankees : RHP Gustav Kleber
|
Batting: RHB Emil Wilbrink
|
0-0: Ball 1-0: Foul Ball, location: 2F 1-1: Called Strike 1-2: Foul Ball, location: 2F 1-2: Ball 2-2: Foul Ball, location: 2F 2-2: Fly out, F7 (Flyball, 7, EV 93.1 MPH)
|
Batting: SHB Jason Bresnahan
|
0-0: Ball 1-0: Ground out 4-3 (Groundball, 34, EV 83.8 MPH)
|
Batting: RHB Daniel Underhay
|
0-0: Called Strike 0-1: Ball 1-1: Ball 2-1: Swinging Strike 2-2: Ball 3-2: Foul Ball, location: 2F 3-2: Foul Ball, location: 2F 3-2: Ground out 3-1 (Groundball, 34, EV 100.6 MPH)
|
Bottom of the 2nd over - 0 runs, 0 hits, 0 errors, 0 left on base; Staten Island 0 - Chicago (NYP) 1 |
TOP OF THE 3RD |
Staten Island Yankees batting - Pitching for Chicago (NYP) White Sox : RHP John Childress
|
Batting: RHB Lorenzo Vasquez
|
0-0: Ground out 2-3 (Groundball, 2L, EV 70.6 MPH)
|
Batting: SHB Victor Martinez
|
0-0: Ball 1-0: Ball 2-0: Called Strike 2-1: Foul Ball, location: 2F 2-2: SINGLE (Line Drive, 56, EV 105.6 MPH)
|
Batting: SHB Plácido Barrrenho
|
0-0: Called Strike 0-1: Called Strike 0-2: Ball 1-2: Ball 2-2: Strikes out swinging
|
Batting: LHB Tatsuo Yasui
|
0-0: Called Strike 0-1: Fly out, F8 (Flyball, 78D, EV 73.1 MPH)
|
Top of the 3rd over - 0 runs, 1 hit, 0 errors, 1 left on base; Staten Island 0 - Chicago (NYP) 1 |
BOTTOM OF THE 3RD |
Chicago (NYP) White Sox batting - Pitching for Staten Island Yankees : RHP Gustav Kleber
|
Batting: RHB David Laureano
|
0-0: Called Strike 0-1: Called Strike 0-2: Strikes out swinging
|
Batting: RHB Brad Boals
|
0-0: Ball 1-0: Foul Ball, location: 2F 1-1: Foul Ball, location: 2F 1-2: Ground out 6-3 (Groundball, 6, EV 87.5 MPH)
|
Batting: RHB Jeremy Hoffert
|
0-0: Foul Ball, location: 2F 0-1: Fly out, F9 (Flyball, 9S, EV 81.3 MPH)
|
Bottom of the 3rd over - 0 runs, 0 hits, 0 errors, 0 left on base; Staten Island 0 - Chicago (NYP) 1 |
TOP OF THE 4TH |
Staten Island Yankees batting - Pitching for Chicago (NYP) White Sox : RHP John Childress
|
Batting: LHB Mario Hurtado
|
0-0: Ground out 4-3 (Groundball, 4, EV 85.6 MPH)
|
Batting: RHB Andres Valles
|
0-0: Ball 1-0: Ball 2-0: Ball 3-0: Called Strike 3-1: Foul Ball, location: 2F 3-2: Strikes out swinging
|
Batting: LHB Roald Jacobs
|
0-0: Ball 1-0: Ground out 1-3 (Groundball, 34S, EV 70.0 MPH)
|
Top of the 4th over - 0 runs, 0 hits, 0 errors, 0 left on base; Staten Island 0 - Chicago (NYP) 1 |
BOTTOM OF THE 4TH |
Chicago (NYP) White Sox batting - Pitching for Staten Island Yankees : RHP Gustav Kleber
|
Batting: RHB Dusty Ballard
|
0-0: Called Strike 0-1: Ball 1-1: Ball 2-1: Ball 3-1: Fly out, F8 (Flyball, 78D, EV 110.6 MPH)
|
Batting: LHB Jason Bell
|
0-0: Foul Ball, location: 2F 0-1: Swinging Strike 0-2: Ball 1-2: Ground out 6-3 (Groundball, 6M, EV 102.5 MPH)
|
Batting: RHB Mitch Cuadros
|
0-0: Ball 1-0: Called Strike 1-1: Ball 2-1: Ball 3-1: Ground out 5-3 (Groundball, 5, EV 100.0 MPH)
|
Bottom of the 4th over - 0 runs, 0 hits, 0 errors, 0 left on base; Staten Island 0 - Chicago (NYP) 1 |
TOP OF THE 5TH |
Staten Island Yankees batting - Pitching for Chicago (NYP) White Sox : RHP John Childress
|
Batting: RHB Steve Martin
|
0-0: Called Strike 0-1: Ball 1-1: Fly out, F8 (Flyball, 89D, EV 78.8 MPH)
|
Batting: LHB Claudio Kamminga
|
0-0: Ball 1-0: Reached on error, E1 (Groundball, 15S, EV 70.6 MPH)
|
Batting: RHB Lorenzo Vasquez
|
0-0: Foul Ball, location: 2F 0-1: Ball 1-1: SINGLE (Groundball, 6MS, EV 90.0 MPH) (infield hit) Claudio Kamminga to third
|
Batting: SHB Victor Martinez
|
0-0: Ball 1-0: Called Strike 1-1: Ball 2-1: Ball 3-1: Base on Balls Lorenzo Vasquez to second
|
Batting: SHB Plácido Barrrenho
|
0-0: Ball 1-0: Called Strike 1-1: Foul Ball, location: 2F 1-2: Strikes out looking
|
Batting: LHB Tatsuo Yasui
|
0-0: Ground out 3-1 (Groundball, 34S, EV 81.9 MPH)
|
Top of the 5th over - 0 runs, 1 hit, 1 error, 3 left on base; Staten Island 0 - Chicago (NYP) 1 |
BOTTOM OF THE 5TH |
Chicago (NYP) White Sox batting - Pitching for Staten Island Yankees : RHP Gustav Kleber
|
Batting: RHB Emil Wilbrink
|
0-0: Ball 1-0: Ball 2-0: Ball 3-0: Called Strike 3-1: Base on Balls
|
Batting: SHB Jason Bresnahan
|
0-0: Called Strike 0-1: Ball 1-1: Ball 2-1: Fielders Choice at 2nd, 6-4 (Groundball, 6MS, EV 90.0 MPH)
|
Now at 2B: Phil Corliss
|
|
Batting: RHB Daniel Underhay
|
0-0: Ball Jason Bresnahan is caught stealing 2nd base 2-4 1-0: Foul Ball, location: 2F 1-1: Ball 2-1: DOUBLE (Flyball, 8RXD, EV 113.1 MPH)
|
Batting: RHB David Laureano
|
0-0: Called Strike 0-1: Swinging Strike 0-2: Ball 1-2: Strikes out swinging
|
Bottom of the 5th over - 0 runs, 1 hit, 0 errors, 1 left on base; Staten Island 0 - Chicago (NYP) 1 |
TOP OF THE 6TH |
Staten Island Yankees batting - Pitching for Chicago (NYP) White Sox : RHP John Childress
|
Batting: LHB Mario Hurtado
|
0-0: Ball 1-0: Swinging Strike 1-1: Ball 2-1: Ball 3-1: Base on Balls
|
Batting: RHB Andres Valles
|
0-0: SINGLE (Groundball, 6D, EV 95.6 MPH) Mario Hurtado to second
|
Batting: LHB Roald Jacobs
|
0-0: SINGLE (Groundball, 25, EV 75.0 MPH) (infield hit) Mario Hurtado to third Andres Valles to second
|
Pinch Hitting: LHB Sergio Corona
|
0-0: Ball 1-0: Foul Ball, location: 2F 1-1: Ball 2-1: SINGLE (Flyball, 34D, EV 100.0 MPH) Mario Hurtado scores Andres Valles to third Roald Jacobs to second
|
Batting: LHB Claudio Kamminga
|
0-0: Called Strike 0-1: Ball 1-1: Called Strike 1-2: Ball 2-2: Foul Ball, location: 2F 2-2: SINGLE (Groundball, 6, EV 104.4 MPH) (infield hit) Andres Valles scores Roald Jacobs to third Sergio Corona to second
|
Batting: RHB Lorenzo Vasquez
|
0-0: Fly out, F7 (Flyball, 7LS, EV 76.9 MPH) Runner from 3rd tags up, OUT at HOME! 7-2 Sergio Corona to third Claudio Kamminga to second
|
Batting: SHB Victor Martinez
|
0-0: Ball 1-0: Foul Ball, location: 2F 1-1: Fly out, F4 (Popup, 34, EV 66.3 MPH)
|
Top of the 6th over - 2 runs, 4 hits, 0 errors, 2 left on base; Staten Island 2 - Chicago (NYP) 1 |
BOTTOM OF THE 6TH |
Chicago (NYP) White Sox batting - Pitching for Staten Island Yankees : RHP Gustav Kleber
|
Now at 2B: Alex Genao
|
|
Batting: RHB Brad Boals
|
0-0: Ball 1-0: SINGLE (Groundball, 56S, EV 72.5 MPH) (infield hit)
|
Batting: RHB Jeremy Hoffert
|
0-0: Called Strike 0-1: Ball 1-1: SINGLE (Line Drive, 56D, EV 99.4 MPH) Brad Boals to second
|
Batting: RHB Dusty Ballard
|
0-0: Swinging Strike 0-1: Foul Ball, location: 2F 0-2: Ball 1-2: Strikes out looking
|
Batting: LHB Jason Bell
|
0-0: Swinging Strike 0-1: SINGLE (Line Drive, 8RS, EV 105.0 MPH) Brad Boals to third Jeremy Hoffert to second Runner from 3rd tries for Home, SAFE, throw by RF to home
|
Batting: RHB Mitch Cuadros
|
0-0: Called Strike 0-1: Ball 1-1: Foul Ball, location: 2F 1-2: SINGLE (Line Drive, 4D, EV 108.1 MPH) Jeremy Hoffert to third Jason Bell to second Runner from 3rd tries for Home, SAFE, throw by CF to home
|
Batting: RHB Emil Wilbrink
|
0-0: Called Strike 0-1: Ball 1-1: Grounds into double play, 4-6-3 (Groundball, 4M, EV 86.9 MPH)
|
Bottom of the 6th over - 2 runs, 4 hits, 0 errors, 1 left on base; Staten Island 2 - Chicago (NYP) 3 |
TOP OF THE 7TH |
Staten Island Yankees batting - Pitching for Chicago (NYP) White Sox : RHP John Childress
|
Batting: SHB Plácido Barrrenho
|
0-0: Swinging Strike 0-1: Foul Ball, location: 2F 0-2: Strikes out swinging
|
Batting: LHB Tatsuo Yasui
|
0-0: Ball 1-0: SINGLE (Groundball, 5D, EV 98.8 MPH)
|
Batting: LHB Mario Hurtado
|
0-0: Ball Tatsuo Yasui steals 2nd base 1-0: Called Strike 1-1: Ground out 5-3 (Groundball, 5S, EV 67.5 MPH) Tatsuo Yasui to third
|
Batting: RHB Andres Valles
|
0-0: Ball 1-0: Called Strike 1-1: Ball 2-1: Ball 3-1: Foul Ball, location: 2F 3-2: Foul Ball, location: 2F 3-2: Base on Balls
|
Pitching: RHP Ian Savary
|
|
Batting: LHB Roald Jacobs
|
0-0: Fly out, F7 (Flyball, 78S, EV 84.4 MPH)
|
Top of the 7th over - 0 runs, 1 hit, 0 errors, 2 left on base; Staten Island 2 - Chicago (NYP) 3 |
BOTTOM OF THE 7TH |
Chicago (NYP) White Sox batting - Pitching for Staten Island Yankees : RHP Gustav Kleber
|
Batting: SHB Jason Bresnahan
|
0-0: Foul Ball, location: 2F 0-1: Ball 1-1: Ground out 5-3 (Groundball, 56, EV 85.6 MPH)
|
Batting: RHB Daniel Underhay
|
0-0: Ground out 6-3 (Groundball, 6, EV 86.3 MPH)
|
Batting: RHB David Laureano
|
0-0: Called Strike 0-1: Ball 1-1: Ground out 4-3 (Groundball, 4, EV 86.3 MPH)
|
Bottom of the 7th over - 0 runs, 0 hits, 0 errors, 0 left on base; Staten Island 2 - Chicago (NYP) 3 |
TOP OF THE 8TH |
Staten Island Yankees batting - Pitching for Chicago (NYP) White Sox : RHP Ian Savary
|
Batting: LHB Alex Genao
|
0-0: Ball 1-0: Ball 2-0: Ground out 5-3 (Groundball, 56, EV 83.8 MPH)
|
Batting: LHB Claudio Kamminga
|
0-0: Called Strike 0-1: SINGLE (Line Drive, 9LD, EV 96.9 MPH)
|
Pinch Hitting: LHB Ben Roth
|
0-0: Ball 1-0: Called Strike 1-1: Foul Ball, location: 2F 1-2: SINGLE (Groundball, 56D, EV 96.3 MPH) Claudio Kamminga to second
|
Batting: SHB Victor Martinez
|
0-0: Ball 1-0: Ball 2-0: Called Strike 2-1: Foul Ball, location: 2F 2-2: Foul Ball, location: 2F 2-2: Ball 3-2: Fielders Choice at 2nd, 4-6 (Groundball, 4M, EV 80.0 MPH) Claudio Kamminga to third
|
Batting: SHB Plácido Barrrenho
|
0-0: Ball 1-0: Ball 2-0: Swinging Strike 2-1: Swinging Strike 2-2: Ground out 4-3 (Groundball, 34D, EV 101.3 MPH)
|
Top of the 8th over - 0 runs, 2 hits, 0 errors, 2 left on base; Staten Island 2 - Chicago (NYP) 3 |
BOTTOM OF THE 8TH |
Chicago (NYP) White Sox batting - Pitching for Staten Island Yankees : RHP Gustav Kleber
|
Pitching: RHP Wade Cardin
|
|
Now at 3B: Jordan Lozoya
|
|
Batting: RHB Brad Boals
|
0-0: Called Strike 0-1: Swinging Strike 0-2: Hit by Pitch
|
Batting: RHB Jeremy Hoffert
|
0-0: Ball Brad Boals steals 2nd base (no throw) 1-0: Called Strike 1-1: SINGLE (Groundball, 4MD, EV 105.0 MPH) Brad Boals to third Runner from 3rd tries for Home, SAFE, throw by CF to home
|
Batting: RHB Dusty Ballard
|
0-0: Called Strike 0-1: Called Strike Jeremy Hoffert steals 2nd base 0-2: Foul Ball, location: 2F 0-2: Foul Ball, location: 2F 0-2: Ball 1-2: Ball 2-2: Foul Ball, location: 2F 2-2: Foul Ball, location: 2F 2-2: Fly out, F7 (Flyball, 78S, EV 87.5 MPH)
|
Batting: LHB Jason Bell
|
0-0: Foul Ball, location: 2F 0-1: Swinging Strike 0-2: Ball 1-2: Foul Ball, location: 2F 1-2: Ball 2-2: Strikes out looking
|
Batting: RHB Mitch Cuadros
|
0-0: Ball 1-0: Ball 2-0: Foul Ball, location: 2F 2-1: Ball 3-1: Foul Ball, location: 2F 3-2: Foul Ball, location: 2F 3-2: Base on Balls
|
Batting: RHB Emil Wilbrink
|
0-0: Called Strike 0-1: Foul Ball, location: 2F 0-2: Foul Ball, location: 2F 0-2: Strikes out swinging
|
Bottom of the 8th over - 1 run, 1 hit, 0 errors, 2 left on base; Staten Island 2 - Chicago (NYP) 4 |
TOP OF THE 9TH |
Staten Island Yankees batting - Pitching for Chicago (NYP) White Sox : RHP Ian Savary
|
Pitching: LHP Steven Wolf
|
|
Batting: LHB Tatsuo Yasui
|
0-0: Swinging Strike 0-1: Called Strike 0-2: Strikes out swinging
|
Pinch Hitting: RHB Bobby Arteaga
|
0-0: Ball 1-0: Ground out 6-3 (Groundball, 6, EV 76.9 MPH)
|
Batting: RHB Andres Valles
|
0-0: Foul Ball, location: 2F 0-1: Foul Ball, location: 2F 0-2: Strikes out swinging
|
Top of the 9th over - 0 runs, 0 hits, 0 errors, 0 left on base; Staten Island 2 - Chicago (NYP) 4 |
|